 Dungeon Crawl Stone Soup version 0.27.0-1-g7a089689b8 (webtiles) character file.

Game seed: 11948279364355439267

14342 backslashecho the Cleaver (level 12, -12/71 (76) HPs)
             Began as a Gargoyle Berserker on Aug 4, 2021.
             Was an Elder of Trog.
             Mangled by a minotaur (13 damage)
             ... in a Gauntlet.
             The game lasted 00:31:36 (14074 turns).

backslashecho the Cleaver (Gargoyle Berserker)     Turns: 14074, Time: 00:31:36

HP:   -12/71 (76)   AC: 31    Str: 27    XL:     12   Next: 15%
MP:   12/12         EV:  6    Int:  9    God:    Trog [****..]
Gold: 849           SH: 12    Dex:  9    Spells: 11/11 levels left

rFire    + + .     SeeInvis +   a - +1 war axe (flame)
rCold    . . .     Faith    +   R - +2 kite shield
rNeg     + . .     Spirit   .   H - +0 plate armour
rPois    ∞         Reflect  .   b - -5 helmet of a ziggurat {-Cast rF++ Str+2 SInv}
rElec    +         Harm     .   d - scarf {+Inv}
rCorr    .         Rampage  .   E - +0 pair of gloves
Will     ++...     NoTele   +   G - +1 pair of boots Stlth ..........NoCast +
                                B - amulet of faith
HPRegen  1.21/turn              l - +4 ring of protection
MPRegen  0.13/turn              o - +4 ring of protection

@: strong-willed, on berserk cooldown, very slightly contaminated, regenerating,
slowed, drained, very slow
A: sickness immunity, AC +8, negative energy resistance 1, electricity
resistance, torment resistance 1, petrification resistance
a: Renounce Religion, Evoke Invisibility, Berserk, Trog's Hand, Brothers in Arms


You were in a Gauntlet.
You worshipped Trog.
Trog was greatly pleased with you.
You visited 1 branch of the dungeon, and saw 12 of its levels.
You also visited: Gauntlet.

You collected 849 gold pieces.

Inventory:

Hand Weapons
 a - a +1 war axe of flaming (weapon)
Missiles
 h - 78 poisoned darts (quivered)
Armour
 b - the -5 helmet of a ziggurat (worn) {-Cast rF++ Str+2 SInv}
   (You found it in a Gauntlet)

   Str:       It affects your strength (+2).
   rF:        It greatly protects you from fire.
   SInv:      It lets you see invisible.
   -Cast:     It prevents spellcasting.
 d - a scarf of invisibility (worn)
 g - a +0 buckler
 u - a +0 cloak
 E - a +0 pair of gloves (worn)
 G - a +1 pair of boots (worn)
 H - a +0 plate armour (worn)
 O - +0 fire dragon scales
 P - +0 acid dragon scales
 R - a +2 kite shield (worn)
Jewellery
 l - a +4 ring of protection (left hand)
 o - a +4 ring of protection (right hand)
 y - a ring of positive energy
 B - an amulet of faith (around neck)
Wands
 c - a wand of digging (7)
 v - a wand of acid (8)
 C - a wand of flame (14)
 F - a wand of iceblast (16)
 J - a wand of charming (7)
 L - a wand of paralysis (7)
 M - a wand of polymorph (17)
Scrolls
 i - 4 scrolls of teleportation
Miscellaneous
 S - a phial of floods


   Skills:
 - Level 9.0 Fighting
 * Level 11.6 Axes
 + Level 3.1 Throwing
 - Level 9.0 Armour
 + Level 3.4 Dodging
 - Level 4.0 Shields
 - Level 1.0 Unarmed Combat
 + Level 7.0 Evocations


You had 11 spell levels left.
You didn't know any spells.
Your spell library was empty.

Dungeon Overview and Level Annotations

Branches:
Dungeon (14/15)            Temple (0/1) D:4            Lair (0/6) D:10
    Orc (0/2) D:10        Gauntlet (1/1)
 Vaults: D:13-14

Altars:
Elyvilon
Hepliaklqana
Ru
Sif Muna
Yredelemnul
Zin

Annotations:
Gauntlet 8 transporters, 1 runed translucent door


Innate Abilities, Weirdness & Mutations

You are immune to sickness and miasma.
Your stone body is resilient. (AC +8)
You are immune to poison.
You resist negative energy. (rN+)
You are resistant to electric shocks. (rElec)
You are resistant to unholy torment.
You are immune to petrification.


Message History

The minotaur is moderately wounded.
The minotaur hits you with a +2 war axe of venom.
The minotaur gores you but does no damage.
The minotaur hits you with a +2 war axe of venom!
The minotaur gores you.
You take 24 damage, and have 32/71 hp.
MASSIVE DAMAGE!!
MP restored: 12 You hit the minotaur but do no damage.
The minotaur is moderately wounded.
You flicker back into view.
The minotaur hits you with a +2 war axe of venom!
You block the minotaur's attack.
The minotaur hits you with a +2 war axe of venom!
* * * LOW HITPOINT WARNING * * *
The minotaur gores you but does no damage.
You take 19 damage, and have 13/71 hp.
MASSIVE DAMAGE!!
Unknown command.
Aiming: Paralyse
Press: ? - help, Shift-Dir - straight line, f/p - minotaur
Aim: a minotaur, wielding a +2 war axe of venom, wearing a +0 chain mail, wearing a +0 tower shield, wearing the ring of False Pretenses {*Corrode rElec rN++ Will+ AC+4} and quivering javelins (moderately wounded, poisoned, chance to affect: 0%)
Okay, then.
Unknown command.
Unknown command.
Unknown command.
Unknown command.
Unknown command.
Okay, then.
Okay, then.
You aren't carrying any potions.
Okay, then.
Unknown command.
You fail to use your ability.
You block the minotaur's attack. The minotaur gores you!
* * * LOW HITPOINT WARNING * * *
You take 7 damage, and have 6/71 hp.
Your two-headed ogre goes berserk!
The minotaur hits you with a +2 war axe of venom!
* * * LOW HITPOINT WARNING * * *
The minotaur gores you!
You die...

#...≈#
....###########
.8.####.##....#
...≈##..##.##.#
...##......##.#
...#....##.##.#######
...#.8©.##....#.#≈≈≈#
...#....##.##.#O#.≈≈#
.8.#.8©....##.'.@.∩≈#
...#....##.##.#H#.≈≈#
...#.8©.##....#.#≈≈≈#
...#....##.##.#######
...##......##.#
...≈##..##.##.#
.8.####.##....#
....###########
#...≈#


You could see a minotaur (poisoned, ally target) and a friendly two-headed ogre
(summoned, berserk).

Vanquished Creatures
  A hell beast (Gauntlet)
  2 centaur warriors
  5 two-headed ogres
  Joseph (D:9)
  A komodo dragon (D:10)
  A troll (D:11)
  A polar bear (shapeshifter) (Gauntlet)
  A hornet (D:9)
  2 shadows (D:10)
  2 wraiths (D:10)
  A vampire (D:10)
  9 yaks
  A basilisk (D:9)
  2 steam dragons
  Edmund (D:4)
  An acid dragon (D:11)
  2 hell hounds (Gauntlet)
  A water moccasin (D:8)
  3 orc warriors
  An ice beast (D:6)
  A sky beast (D:6)
  3 black bears
  The ghost of ZARRMARR the Chopper, an amateur HOMo (D:3)
  A necrophage (D:4)
  6 centaurs
  3 phantoms
  4 bullfrogs
  A gnoll sergeant (D:11)
  2 scorpions
  2 wyvern skeletons
  A water moccasin skeleton (D:5)
  A troll zombie (D:10)
  3 killer bees (D:8)
  6 wights
  7 howler monkeys
  3 electric eels
  5 centaur zombies
  A hound (D:7)
  7 orc priests
  2 bullfrog skeletons (D:5)
  A gnoll shaman (D:5)
  6 iguanas
  A centaur skeleton (D:7)
  8 orc wizards
  A killer bee zombie (D:9)
  7 ogre zombies (D:10)
  A hound zombie (D:5)
  2 howler monkey zombies
  6 gnolls
  8 adders
  2 white imps (D:6)
  An ufetubus (D:5)
  An adder skeleton (D:4)
  4 worms
  2 dart slugs (D:1)
  29 orcs
  7 ball pythons
  3 endoplasms (D:3)
  3 giant cockroaches
  10 goblins
  8 hobgoblins
  14 jackals
  6 kobolds
  A quokka (D:3)
  5 bats
  2 frilled lizards
  2 goblin zombies (D:10)
  3 hobgoblin zombies (D:10)
  3 orc skeletons (D:10)
  17 orc zombies (D:10)
  14 rats
  A spectral kobold (D:5)
278 creatures vanquished.

Vanquished Creatures (collateral kills)
  A fire dragon (D:10)
1 creature vanquished.

Vanquished Creatures (others)
  A bullfrog (D:9)
  27 plants
28 creatures vanquished.

Grand Total: 307 creatures vanquished

Notes
Turn   | Place    | Note
-------+----------+-------------------------------------------
     0 | D:1      | backslashecho the Gargoyle Berserker began the quest for
                  | the Orb.
     0 | D:1      | Reached XP level 1. HP: 14/14 MP: 1/1
   272 | D:1      | Reached XP level 2. HP: 9/19 MP: 2/2
   611 | D:1      | Reached skill level 3 in Axes
   799 | D:1      | Found a faded altar of an unknown god.
   819 | D:1      | Reached XP level 3. HP: 18/23 MP: 3/3
   819 | D:1      | Reached ** piety under Trog
   820 | D:1      | Reached skill level 1 in Unarmed Combat
  1965 | D:2      | Reached XP level 4. HP: 29/29 MP: 4/4
  2436 | D:3      | Found a white marble altar of Elyvilon.
  2668 | D:3      | Reached skill level 1 in Shields
  2795 | D:3      | Found a transporter.
  2795 | D:3      | Noticed ZARRMARR's ghost (amateur HOMo)
  2805 | D:3      | Found a transporter.
  3005 | D:3      | Reached XP level 5. HP: 28/33 MP: 5/5
  3095 | D:3      | Reached *** piety under Trog
  3426 | D:3      | Killed ZARRMARR's ghost
  3427 | D:3      | Reached skill level 4 in Axes
  3427 | D:3      | Reached XP level 6. HP: 40/40 MP: 6/6
  3437 | D:3      | Reached skill level 5 in Fighting
  3684 | D:4      | Noticed a necrophage
  3691 | D:4      | Killed a necrophage
  3732 | D:4      | Noticed Edmund
  3746 | D:4      | Killed Edmund
  3747 | D:4      | Reached XP level 7. HP: 44/44 MP: 7/7
  4149 | D:4      | Reached skill level 5 in Axes
  4223 | D:4      | Found a staircase to the Ecumenical Temple.
  4551 | D:5      | Entered Level 5 of the Dungeon
  4923 | D:5      | Reached XP level 8. HP: 35/52 MP: 8/8
  5503 | D:5      | Found a hazy altar of Hepliaklqana.
  5558 | D:5      | Reached **** piety under Trog
  5562 | D:5      | Reached skill level 6 in Axes
  5717 | D:5      | Reached skill level 5 in Armour
  6492 | D:6      | Found a shimmering blue altar of Sif Muna.
  6807 | D:6      | Reached skill level 1 in Evocations
  6838 | D:6      | Reached XP level 9. HP: 48/59 MP: 9/9
  7508 | D:6      | Reached skill level 7 in Axes
  8168 | D:7      | Found a basalt altar of Yredelemnul.
  8747 | D:8      | Reached skill level 8 in Axes
  8747 | D:8      | Reached XP level 10. HP: 60/66 MP: 10/10
  9001 | D:8      | You fall into a shaft and drop 1 floor!
  9078 | D:9      | Reached ***** piety under Trog
  9087 | D:9      | Paralysed by a centaur for 6 turns
  9143 | D:9      | Noticed Joseph
  9159 | D:9      | Killed Joseph
  9201 | D:9      | Noticed a two-headed ogre
  9209 | D:9      | Killed a two-headed ogre
  9210 | D:9      | Reached skill level 9 in Axes
  9709 | D:9      | Found a glowing silver altar of Zin.
 10036 | D:10     | Entered Level 10 of the Dungeon
 10101 | D:10     | Noticed a two-headed ogre
 10110 | D:10     | Killed a two-headed ogre
 10111 | D:10     | Reached skill level 5 in Evocations
 10169 | D:10     | Found a sacrificial altar of Ru.
 10210 | D:10     | Identified the +1 dagger of the Distant Future {flame,
                  | *Rage Dex+6}
 10403 | D:10     | Found a staircase to the Lair.
 10418 | D:10     | Reached XP level 11. HP: 48/71 MP: 11/11
 10544 | D:10     | Reached skill level 10 in Axes
 10600 | D:10     | Found a staircase to the Orcish Mines.
 10999 | D:10     | Noticed a two-headed ogre
 11009 | D:10     | Killed a two-headed ogre
 11009 | D:10     | Received a gift from Trog
 11595 | D:10     | Noticed a fire dragon
 11601 | D:10     | Killed a fire dragon
 12176 | D:11     | Noticed a centaur warrior
 12288 | D:11     | Identified the +5 ring mail "Cetiw" {+Inv}
 12312 | D:11     | Killed a centaur warrior
 12313 | D:11     | Reached skill level 1 in Throwing
 12698 | D:11     | Noticed a two-headed ogre
 12705 | D:11     | Killed a two-headed ogre
 12706 | D:11     | Reached skill level 11 in Axes
 13181 | D:11     | Noticed a two-headed ogre
 13190 | D:11     | Killed a two-headed ogre
 13197 | D:11     | You fall into a shaft and drop 3 floors!
 13217 | D:14     | Noticed a centaur warrior
 13224 | D:14     | Found a gate leading to a gauntlet.
 13229 | D:14     | Killed a centaur warrior
 13230 | D:14     | Reached XP level 12. HP: 66/76 MP: 12/12
 13260 | Gauntlet | Entered a Gauntlet
 13260 | Gauntlet | Found a transporter.
 13263 | Gauntlet | Found a transporter.
 13266 | Gauntlet | Noticed a catoblepas
 13279 | Gauntlet | Found a transporter.
 13283 | Gauntlet | Found a transporter.
 13303 | Gauntlet | Found a transporter.
 13316 | Gauntlet | Found a transporter.
 13319 | Gauntlet | Noticed a wretched star
 13329 | Gauntlet | Found a transporter.
 13347 | Gauntlet | Found a transporter.
 13351 | Gauntlet | Found a transporter.
 13354 | Gauntlet | Noticed a hell beast
 13355 | Gauntlet | Found a runed translucent door.
 13359 | Gauntlet | Found a transporter.
 13367 | Gauntlet | Found a runed translucent door.
 13383 | Gauntlet | Found a transporter.
 13387 | Gauntlet | Found a transporter.
 13563 | Gauntlet | Killed a hell beast
 13661 | Gauntlet | Identified the -5 helmet of a ziggurat {-Cast rF++ Str+2
                  | SInv}
 13679 | Gauntlet | Noticed a boulder beetle
 13679 | Gauntlet | a goliath frog changed into a boulder beetle
 13683 | Gauntlet | Noticed a spark wasp
 13683 | Gauntlet | a boulder beetle changed into a spark wasp
 13684 | Gauntlet | a spark wasp changed into a tyrant leech
 13697 | Gauntlet | Noticed a six-headed hydra
 13697 | Gauntlet | a goliath frog changed into a six-headed hydra
 13701 | Gauntlet | Noticed an emperor scorpion
 13701 | Gauntlet | a six-headed hydra changed into an emperor scorpion
 13704 | Gauntlet | Noticed a quicksilver ooze
 13704 | Gauntlet | an emperor scorpion changed into a quicksilver ooze
 13706 | Gauntlet | Noticed an alligator
 13706 | Gauntlet | a quicksilver ooze changed into an alligator
 13708 | Gauntlet | Noticed a satyr
 13708 | Gauntlet | an alligator changed into a satyr
 13709 | Gauntlet | Noticed an anaconda
 13709 | Gauntlet | a satyr changed into an anaconda
 13712 | Gauntlet | an anaconda changed into a deep troll
 13740 | Gauntlet | Noticed a shock serpent
 13740 | Gauntlet | a torpor snail changed into a shock serpent
 14056 | Gauntlet | Identified the ring of False Pretenses {*Corrode rElec rN++
                  | Will+ AC+4}
 14056 | Gauntlet | Noticed a minotaur
 14074 | Gauntlet | HP: 1/71 [minotaur (7)]
 14074 | Gauntlet | Mangled by a minotaur

Illustrated notes

Levels and vault maps discovered:
D:1:      minmay_arrival_floating_metal, layout_rooms,
          chequers_ecumenical_altar_simple_redux, minmay_rat_gold_closets
D:2:      layout_rooms, serial_glass, glass_columns_a, glass_columns_c,
          minmay_tromino_v7
D:3:      layout_loops_cross, lemuel_round_altar, gammafunk_ghost_mausoleum,
          minmay_joined_circles
D:4:      layout_basic, minmay_temple_entry_hall, serial_curves, eino_curves_02,
          eino_curves_01, uniq_edmund
D:5:      layout_basic, nicolae_hepliaklqana_monster_ancestors,
          grunt_ministairs_2, kennysheep_nondescript, minmay_statues_item
D:6:      layout_rooms, lemuel_crystal_altar, kennysheep_donut,
          serial_bayou_lagoon_a
D:7:      layout_loops_ring, mainiacjoe_overflow_six_doors_small,
          nicolae_sextant
D:8:      layout_rooms
D:9:      layout_loops_cross, zin_statuary, kennysheep_generic_room_16,
          uniq_joseph
D:10:     dragon1_lemuel, layout_small_grid, lemuel_round_altar,
          david_lair_shrubbed, zombieorc2_lemuel, hangedman_decor_slide_cut
D:11:     layout_gridville
D:14:     layout_long_grid, gauntlet_entry_generic, good_gods_mini_temple
Gauntlet: minmay_gauntlet_mixed_oops_all_seconds
          [minmay_gauntlet_arena_77_hold_the_fort,
          nicolae_gauntlet_arena_t_cross, minmay_gauntlet_arena_77_cramped,
          gammafunk_gauntlet_arena_corners, minmay_gauntlet_arena_77_p_blocks,
          gammafunk_gauntlet_arena_split_diamond, gauntlet_exit_watery]

Skill      XL: |  1  2  3  4  5  6  7  8  9 10 11 12 |
---------------+-------------------------------------+-----
Axes           | 3 4 5 6 8 9 11 | 11.6
Unarmed Combat | 1 |  1.0
Fighting       | 4 5 6 7 9 |  9.0
Shields        | 1 2 3 4 |  4.0
Armour         | 3 4 5 6 8 9 |  9.0
Evocations     | 1 3 5 6 7 |  7.0
Throwing       | 2 3 |  3.1
Dodging        | 3 |  3.4

Action                   |  1- 3 |  4- 6 |  7- 9 | 10-12 || total
-------------------------+-------+-------+-------+-------++-------
Melee: Hand axe          |   119 |   211 |   537 |       ||   867
       War axe           |       |       |    43 |   472 ||   515
Throw: Dart              |       |       |       |     5 ||     5
Invok: Berserk           |     2 |     2 |     2 |    10 ||    16
       Trog's Hand       |       |       |     2 |     6 ||     8
       Brothers in Arms  |       |       |       |     3 ||     3
 Abil: Evoke Invisibilit |       |       |       |     1 ||     1
Evoke: Wand              |       |       |       |     3 ||     3
 Stab: Invisible         |       |       |       |     1 ||     1
Armor: Animal skin       |     8 |       |       |       ||     8
       Ring mail         |    36 |   124 |     6 |       ||   166
       Chain mail        |       |       |   322 |       ||   322
       Plate armour      |       |       |   129 |   407 ||   536
       Fire dragon scale |       |       |       |    16 ||    16
Dodge: Dodged            |    70 |   117 |   205 |   174 ||   566
Block: Buckler           |     8 |    37 |   118 |   101 ||   264
       Kite shield       |       |       |       |     2 ||     2
